 Dungeon Crawl Stone Soup version 0.31-a0-219-g8d62b2e7bb (webtiles) character file.

Game seed: 15227104716401686629

3997 qw the Cleaver (level 10, -3/63 HPs)
             Began as a Gargoyle Fighter on July 3, 2023.
             Killed from afar by an acid dragon (26 damage)
             ... with a splash of acid
             ... on level 8 of the Dungeon.
             The game lasted 00:03:54 (7185 turns).

qw the Cleaver (Gargoyle Fighter)                   Turns: 7185, Time: 00:03:54

Health: -3/63      AC: 23    Str: 29    XL:     10   Next: 23%
Magic:  10/10      EV:  9    Int: 10    God:
Gold:   210        SH:  4    Dex:  9    Spells: 9/9 levels left

rFire   + . .        a - +3 war axe (protect)
rCold   . . .        c - +0 buckler
rNeg    + . .        u - +0 chain mail
rPois   inf          k - +0 helmet
rElec   +            (no cloak)
rCorr   .            f - +0 pair of gloves
SInv    .            j - +0 pair of boots
Will    .....        r - amulet of faith
Stlth   x              - +6 ring of strength
HPRegen 0.30/turn    b - ring of protection from fire
MPRegen 0.12/turn

%: faith
@: corroded, under a protective aura
A: sickness immunity, AC +7, negative energy resistance 1, electricity
resistance, torment resistance 1, petrification resistance
a: no special abilities


You were on level 8 of the Dungeon.
You visited 2 branches of the dungeon, and saw 9 of its levels.

You collected 488 gold pieces.
You spent 278 gold pieces at shops.


Innate Abilities, Weirdness & Mutations

You are immune to sickness and miasma.
Your stone body is resilient. (AC +7)
You are immune to poison.
You resist negative energy. (rN+)
You are resistant to electric shocks. (rElec)
You are resistant to unholy torment.
You are immune to petrification.


   Skills:
 + Level 7.2 Fighting
 - Level 11.1 Axes
 - Level 2.4 Throwing
 - Level 5.1 Armour
 - Level 1.6 Dodging
 - Level 4.0 Shields


You had 9 spell levels left.
You didn't know any spells.
Your spell library was empty.

Inventory:

Hand Weapons
 a - a +3 war axe of protection (weapon)
 w - a +4 morningstar of protection
Missiles
 A - a javelin
Armour
 c - a +0 buckler (worn)
 f - a +0 pair of gloves (worn)
 j - a +0 pair of boots (worn)
 k - a +0 helmet (worn)
 u - a +0 chain mail (worn)
 v - +0 acid dragon scales
Jewellery
 b - a ring of protection from fire (right hand)
 r - an amulet of faith (around neck)
 t - a ring of protection from cold
 x - a +6 ring of strength (left hand)
 B - a +4 ring of protection
 Y - a ring of protection from cold
Scrolls
 e - a scroll of identify
 y - a scroll of acquirement {unknown}
Potions
 d - a potion of might
 g - a potion of lignification
 h - a potion of degeneration {unknown}
 i - a potion of brilliance {unknown}
 l - a potion of ambrosia {unknown}
 m - 2 potions of enlightenment
 n - a potion of mutation {unknown}
 o - a potion of heal wounds {unknown}
 p - a potion of cancellation
 q - a potion of curing
 s - a potion of resistance {unknown}
 z - a potion of haste {unknown}

Dungeon Overview and Level Annotations

Branches:
Dungeon (8/15)             Temple (1/1) D:7
   Lair: D:8-11

Altars:
Ashenzari
Cheibriados
Dithmenos
Elyvilon
Fedhas
Gozag
Hepliaklqana
Kikubaaqudgha
Nemelex Xobeh
Okawaru
Qazlal
Sif Muna
Trog
Vehumet
Xom
Yredelemnul
Zin
The Shining One

Shops:
D:5 :((   D:6 *   D:7 (

Annotations:
D:3 2 runed translucent doors, qw's ghost, amateur MiHs
D:4 exclusion: goblin
D:5 3 runed translucent doors, qw's ghost, novice DEHu


Message History

You now have 210 gold pieces (gained 8).
A - a javelin
Found a spear.
Enter note:
B - a +4 ring of protection
Enter note:
Found a stone staircase leading down.
Enter note:
Enter note: An acid dragon comes into view.
The acid dragon roars!
The acid dragon spits acid at you. The splash of acid hits you!!
Ouch! That really hurt!
The acid corrodes you!
Enter note:
Enter note:
Enter note:
7180 ||| FLEEEEING.
Enter note:
Enter note:
7181 ||| FLEEEEING.
An orc priest comes into view. It is wielding a +3 mace.
The orc priest shouts!
You hear a shout! x3
Enter note:
Enter note:
Enter note:
Enter note:
Enter note:
Enter note: The acid dragon bites you!
The acid dragon claws you but does no damage.
Enter note:
Enter note: You hit the acid dragon.
Your weapon exudes an aura of protection.
The acid dragon is moderately wounded.
The acid dragon spits acid at you. The splash of acid hits you!!
You die...

### .. ######.
.......## ........####
.......D...#
.......@...###########.
...#...................
#.#.............#... #
#...#.####....#...
#...#.####....#...
#.................
.o...#.####........
....................
#......#.####........


You could see an acid dragon (catching breath) and an orc priest.

Vanquished Creatures
  Gastronok (D:8)
  Sigmund (D:6)
  A wyvern (D:8)
  An acid dragon (D:8)
  An orc warrior (D:7)
  3 ice beasts
  5 ogres
  A centaur (D:7)
  2 kobold brigands
  A phantom (D:4)
  2 bullfrogs
  A gnoll sergeant (D:7)
  5 scorpions
  5 wights (D:6)
  3 howler monkeys (D:7)
  2 hounds
  3 jellies
  2 orc priests
  2 iguanas (D:6)
  3 orc wizards
  Robin (D:2)
  5 gnolls (D:7)
  7 adders
  A shadow imp (D:7)
  3 white imps
  An ufetubus (D:4)
  3 worms (D:4)
  16 orcs
  7 endoplasms
  3 giant cockroaches
  17 goblins
  10 hobgoblins
  7 jackals
  3 quokkas
  10 ball pythons
  10 bats
  4 frilled lizards
  12 kobolds
  6 rats
171 creatures vanquished.

Notes
Turn   | Place    | Note
-------+----------+-------------------------------------------
     0 | D:1      | qw the Gargoyle Fighter began the quest for the Orb.
     0 | D:1      | Reached XP level 1. HP: 14/14 MP: 1/1
     0 | D:1      | 0 ||| qw: Version: 0.3-a-40-ge99b1a8
     0 | D:1      | 0 ||| qw: Game counter: 403
     0 | D:1      | 0 ||| qw: Melee chars always use a shield: true
     0 | D:1      | 0 ||| qw: God list: Okawaru
     0 | D:1      | 0 ||| qw: Allow faded altars: false
     0 | D:1      | 0 ||| qw: Do Orc after clearing Dungeon:15 true
     0 | D:1      | 0 ||| qw: Do second Lair branch before Depths: true
     0 | D:1      | 0 ||| qw: Lair rune preference: random
     0 | D:1      | 0 ||| qw: Goals: Normal, Zot:1-4, Slime:5, God:TSO, Crypt,
                  | Tomb, Abyss, Pan, Hells, Win
     0 | D:1      | 0 ||| PLANNING D:1-11
   130 | D:1      | Reached skill level 2 in Axes
   257 | D:1      | Reached XP level 2. HP: 19/19 MP: 2/2
   584 | D:1      | Noticed a great orb of eyes
   587 | D:1      | Noticed an eye of devastation
   589 | D:1      | Found a faded altar of an unknown god.
   591 | D:1      | Noticed a great orb of eyes
   591 | D:1      | Noticed a floating eye
   596 | D:1      | 596 ||| Stepping ~*~*~tactically~*~*~ (hiding).
   868 | D:1      | Reached skill level 3 in Axes
   868 | D:1      | 868 ||| DROPPING +0 club.
   975 | D:1      | 975 ||| UPGRADING to +0 helmet.
   980 | D:1      | 980 ||| READING scroll labelled QEGHES LUANTORPH.
   981 | D:1      | 981 ||| READING scroll labelled BEOMER ZECEYPH.
   982 | D:1      | 982 ||| READING scroll labelled FEOMUNKESM.
   983 | D:1      | 983 ||| READING scroll labelled HIAPROTHRAS.
   995 | D:2      | Reached XP level 3. HP: 23/23 MP: 3/3
   997 | D:2      | 997 ||| Stepping ~*~*~tactically~*~*~ (hiding).
   998 | D:2      | 998 ||| Stepping ~*~*~tactically~*~*~ (stealth).
   999 | D:2      | 999 ||| Stepping ~*~*~tactically~*~*~ (hiding).
  1191 | D:2      | Noticed Robin
  1200 | D:2      | Killed Robin
  1211 | D:2      | Reached XP level 4. HP: 11/28 MP: 4/4
  1260 | D:2      | 1260 ||| FLEEEEING.
  1261 | D:2      | 1261 ||| FLEEEEING.
  1262 | D:2      | 1262 ||| FLEEEEING.
  1263 | D:2      | 1263 ||| FLEEEEING.
  1264 | D:2      | 1264 ||| FLEEEEING.
  1265 | D:2      | 1265 ||| FLEEEEING.
  1266 | D:2      | 1266 ||| FLEEEEING.
  1267 | D:2      | 1267 ||| FLEEEEING.
  1268 | D:2      | 1268 ||| FLEEEEING.
  1269 | D:2      | 1269 ||| FLEEEEING.
  1296 | D:2      | 1296 ||| DROPPING +0 mace.
  1430 | D:2      | Reached skill level 4 in Axes
  1697 | D:2      | 1697 ||| UPGRADING to +0 pair of gloves.
  1702 | D:2      | 1702 ||| READING scroll labelled NAIM RUVVY.
  1703 | D:2      | 1703 ||| READING scroll labelled CIWAPL GOUVAFI.
  1704 | D:2      | 1704 ||| READING scroll labelled MAKUIROMEY.
  1735 | D:3      | Identified the +7 spear of Agafruha {protect, Str+4}
  1786 | D:3      | Found an iron altar of Okawaru.
  1787 | D:3      | 1787 ||| PLANNING OKAWARU WORSHIP
  1814 | D:3      | 1814 ||| Stepping ~*~*~tactically~*~*~ (stealth).
  1816 | D:3      | 1816 ||| Stepping ~*~*~tactically~*~*~ (stealth).
  1844 | D:3      | Found a runed translucent door.
  1845 | D:3      | 1845 ||| Stepping ~*~*~tactically~*~*~ (hiding).
  1847 | D:3      | 1847 ||| Stepping ~*~*~tactically~*~*~ (hiding).
  1887 | D:3      | Noticed qw's ghost (amateur MiHs)
  2078 | D:3      | 2078 ||| DROPPING +2 mace of protection.
  2089 | D:3      | Found an ancient bone altar of Kikubaaqudgha.
  2113 | D:3      | Found a glowing silver altar of Zin.
  2154 | D:3      | 2154 ||| READING scroll of enchant weapon.
  2154 | D:3      | 2154 ||| ENCHANTING +1 war axe of protection.
  2187 | D:3      | HP: 3/28 [orc/+3 flail (8)]
  2290 | D:3      | 2290 ||| DROPPING +0 flail.
  2308 | D:3      | Found a runed translucent door.
  2364 | D:3      | 2364 ||| UPGRADING to +0 chain mail.
  2374 | D:3      | 2374 ||| DROPPING +0 scale mail.
  2398 | D:3      | 2398 ||| UPGRADING to amulet of faith.
  2412 | D:3      | 2412 ||| UPGRADING to ring of protection from cold.
  2413 | D:3      | 2413 ||| READING scroll labelled LUCZIH VASH.
  2418 | D:3      | 2418 ||| READING scroll labelled HEUCHIRUGH.
  2419 | D:3      | 2419 ||| PLANNING D:1-11
  2475 | D:4      | Noticed a phantom
  2485 | D:4      | Killed a phantom
  2486 | D:4      | Reached skill level 5 in Axes
  2486 | D:4      | Reached XP level 5. HP: 32/32 MP: 5/5
  2614 | D:4      | Noticed an ogre
  2616 | D:4      | HP: 8/32 [ogre/+0 giant club (7)]
  2617 | D:4      | 2617 ||| READING scroll of teleportation.
  2619 | D:4      | HP: 2/32 [ogre/+0 giant club (7)]
  2822 | D:4      | Noticed an ogre
  2832 | D:4      | Killed an ogre
  2833 | D:4      | Reached XP level 6. HP: 16/39 MP: 6/6
  3090 | D:4      | 3090 ||| Stepping ~*~*~tactically~*~*~ (stealth).
  3207 | D:4      | Found a radiant altar of Vehumet.
  3211 | D:4      | 3211 ||| UPGRADING to +0 pair of boots.
  3229 | D:4      | HP: 8/39 [ogre/+0 giant club (7)]
  3231 | D:4      | Reached skill level 6 in Axes
  3231 | D:4      | Reached XP level 7. HP: 10/44 MP: 7/7
  3236 | D:4      | 3236 ||| FLEEEEING.
  3237 | D:4      | 3237 ||| FLEEEEING.
  3238 | D:4      | 3238 ||| FLEEEEING.
  3239 | D:4      | 3239 ||| FLEEEEING.
  3240 | D:4      | 3240 ||| FLEEEEING.
  3487 | D:4      | Reached skill level 1 in Dodging
  3517 | D:4      | 3517 ||| DROPPING +3 flail.
  3647 | D:4      | 3647 ||| Stepping ~*~*~tactically~*~*~ (stealth).
  3888 | D:4      | 3888 ||| UPGRADING to ring of protection from fire.
  3889 | D:4      | 3889 ||| READING scroll labelled IPHADUA EXZUPI.
  3890 | D:4      | 3890 ||| DRINKING 2 metallic silvery potions.
  3891 | D:4      | 3891 ||| PLANNING OKAWARU WORSHIP
  3920 | D:3      | 3920 ||| PLANNING D:1-11
  3978 | D:5      | Entered Level 5 of the Dungeon
  4035 | D:5      | 4035 ||| Stepping ~*~*~tactically~*~*~ (hiding).
  4043 | D:5      | Reached skill level 7 in Axes
  4097 | D:5      | 4097 ||| Stepping ~*~*~tactically~*~*~ (hiding).
  4114 | D:5      | Reached skill level 1 in Throwing
  4186 | D:5      | Found Duiczutz's Antique Weapon Shoppe.
  4267 | D:5      | 4267 ||| Stepping ~*~*~tactically~*~*~ (stealth).
  4268 | D:5      | 4268 ||| Stepping ~*~*~tactically~*~*~ (stealth).
  4280 | D:5      | Reached XP level 8. HP: 49/49 MP: 8/8
  4339 | D:5      | Found Mumeis's Book Shoppe.
  4379 | D:5      | Found Zaaxzall's Antique Weapon Shoppe.
  4385 | D:5      | 4385 ||| BUYING glowing morningstar (182 gold).
  4385 | D:5      | Bought a glowing morningstar for 182 gold pieces
  4385 | D:5      | 4385 ||| DROPPING -2 eveningstar.
  4810 | D:5      | Found a runed translucent gate.
  4810 | D:5      | Found a runed translucent gate.
  4813 | D:5      | Found a runed translucent gate.
  4814 | D:5      | Noticed qw's ghost (novice DEHu)
  4948 | D:5      | 4948 ||| DRINKING 2 bubbling dark potions.
  4949 | D:5      | 4949 ||| READING 2 scrolls of identify.
  4949 | D:5      | 4949 ||| IDENTIFYING viscous emerald potion
  5030 | D:6      | Noticed Sigmund
  5067 | D:6      | Killed Sigmund
  5068 | D:6      | Reached skill level 8 in Axes
  5101 | D:6      | 5101 ||| FLEEEEING.
  5102 | D:6      | 5102 ||| FLEEEEING.
  5103 | D:6      | 5103 ||| FLEEEEING.
  5104 | D:6      | 5104 ||| FLEEEEING.
  5105 | D:6      | 5105 ||| FLEEEEING.
  5106 | D:6      | 5106 ||| FLEEEEING.
  5107 | D:6      | 5107 ||| FLEEEEING.
  5108 | D:6      | 5108 ||| FLEEEEING.
  5116 | D:6      | 5116 ||| STAIRDANCE
  5188 | D:5      | 5188 ||| READING scroll labelled QURE CA WYMUH.
  5359 | D:6      | 5359 ||| Stepping ~*~*~tactically~*~*~ (stealth).
  5360 | D:6      | 5360 ||| Stepping ~*~*~tactically~*~*~ (stealth).
  5371 | D:6      | Reached skill level 6 in Fighting
  5446 | D:6      | Reached XP level 9. HP: 55/55 MP: 9/9
  5475 | D:6      | 5475 ||| Stepping ~*~*~tactically~*~*~ (stealth).
  5476 | D:6      | 5476 ||| Stepping ~*~*~tactically~*~*~ (stealth).
  5564 | D:6      | Found a white marble altar of Elyvilon.
  5587 | D:6      | Found Qaushoes's Assorted Antiques.
  5753 | D:6      | 5753 ||| DRINKING 2 blue potions.
  5787 | D:7      | Reached skill level 9 in Axes
  5789 | D:7      | 5789 ||| READING scroll of enchant weapon.
  5789 | D:7      | 5789 ||| ENCHANTING +2 war axe of protection.
  5840 | D:7      | 5840 ||| READING scroll labelled GUROIKK LECS.
  5841 | D:7      | 5841 ||| PLANNING TEMPLE
  5843 | D:7      | 5843 ||| Stepping ~*~*~tactically~*~*~ (stealth).
  5844 | D:7      | 5844 ||| Stepping ~*~*~tactically~*~*~ (stealth).
  5864 | D:7      | Found a staircase to the Ecumenical Temple.
  5883 | Temple   | Entered the Ecumenical Temple
  5955 | Temple   | 5955 ||| PLANNING D:1-11
  5990 | D:6      | 5990 ||| BUYING long ivory wand (96 gold).
  5990 | D:6      | Bought a long ivory wand for 96 gold pieces
  5990 | D:6      | 5990 ||| SHOPLISTING plate armour (552 gold, have 149).
  5990 | D:6      | 5990 ||| SHOPLISTING scroll of enchant armour (180 gold,
                  | have 149).
  5990 | D:6      | 5990 ||| DROPPING wand of flame (6).
  6021 | D:7      | 6021 ||| Stepping ~*~*~tactically~*~*~ (hiding).
  6058 | D:7      | HP: 11/55 [acid (4)]
  6059 | D:7      | 6059 ||| READING scroll of teleportation.
  6059 | D:7      | HP: 5/55 [bullfrog (6)]
  6178 | D:7      | 6178 ||| Stepping ~*~*~tactically~*~*~ (stealth).
  6178 | D:7      | Found Kaumisk's Weapon Emporium.
  6305 | D:7      | 6305 ||| Stepping ~*~*~tactically~*~*~ (hiding).
  6625 | D:7      | Found a basalt altar of Yredelemnul.
  6794 | D:7      | 6794 ||| UPGRADING to +6 ring of strength.
  6911 | D:8      | Noticed Gastronok
  6921 | D:8      | HP: 11/57 [Gastronok (15)]
  6927 | D:8      | HP: 3/57 [Gastronok (10)]
  6934 | D:8      | Killed Gastronok
  6935 | D:8      | Reached skill level 11 in Axes
  6935 | D:8      | Reached XP level 10. HP: 6/63 MP: 10/10
  7180 | D:8      | 7180 ||| FLEEEEING.
  7181 | D:8      | 7181 ||| FLEEEEING.
  7185 | D:8      | Killed from afar by an acid dragon

Levels and vault maps discovered:
D:1:      erik_arrival_blinker_ship, layout_loops_corners,
          hellmonk_ecumenical_altar_watching_god, chequers_serial_rivers_room_b,
          st_stairs_10
D:2:      layout_rooms, grunt_decor_one_mirror, minmay_stone_trees_small,
          minmay_domino_4, uniq_robin
D:3:      layout_basic, nicolae_kikubaaqudgha_miasma_corner, zin_academy,
          general_overflow_altar, ebering_ghost_sewer_f
D:4:      old_forge, layout_basic, mainiacjoe_overflow_catwalk_spiral,
          serial_corexii_hall, corexii_hall_statues_i, corexii_hall_statues_u,
          corexii_hall_statues_l, corexii_hall_statues_x
D:5:      layout_loops_corners, gammafunk_ghost_necromancy, serial_shops,
          nicolae_shop_just_a_little_nook, nicolae_shop_crystal, shop_coins
D:6:      layout_rooms, elyvilon_altar_5, serial_shops, nicolae_take_the_stairs,
          uniq_sigmund
D:7:      layout_basic, mainiacjoe_overflow_alcove_2, minmay_temple_entry_waves,
          serial_shops, shop, grunt_ministairs_11
D:8:      layout_basic, uniq_maggie, uniq_gastronok
Temple:   nicolae_temple_hex_pool

Skill      XL: |  1  2  3  4  5  6  7  8  9 |
---------------+----------------------------+-----
Axes           | 2 3 5 6 7 8 11 | 11.1
Fighting       | 4 5 6 7 |  7.2
Dodging        | 1 |  1.6
Throwing       | 1 2 |  2.4
Armour         | 4 5 |  5.1
Shields        | 4 |  4.0

Action                     |  1- 3 |  4- 6 |  7- 9 | 10-12 || total
---------------------------+-------+-------+-------+-------++-------
  Melee: War axe           |   107 |   171 |   289 |     4 ||   571
  Throw: Javelin           |       |       |    30 |     1 ||    31
    Use: Scroll            |     4 |     7 |     6 |       ||    17
         Potion            |       |       |     3 |       ||     3
 Armour: Scale mail        |    69 |    46 |       |       ||   115
         Chain mail        |       |    27 |   193 |     1 ||   221
  Dodge: Dodged            |    63 |    66 |   112 |     2 ||   243
  Block: Buckler           |    15 |    27 |    48 |       ||    90

Table legend:
 A = Non-vault XP
 B = Vault XP
 C = Vault XP percentage of total XP
 D = Non-vault monster count
 E = Vault monster count
 F = Vault count percentage of total count
                 A         B        C        D         E       F
            +---------+---------+-------+---------+---------+-------
      Total |    3340 |    2371 |  41.5 |     135 |      36 |  21.1
            +---------+---------+-------+---------+---------+-------
        D:1 |      27 |       3 |  10.0 |      19 |       2 |   9.5
        D:2 |      26 |      45 |  63.4 |      16 |      16 |  50.0
        D:3 |      41 |       0 |   0.0 |      20 |       0 |   0.0
        D:4 |     508 |     411 |  44.7 |      21 |      14 |  40.0
        D:5 |     565 |       0 |   0.0 |      15 |       0 |   0.0
        D:6 |     777 |     226 |  22.5 |      16 |       1 |   5.9
        D:7 |    1041 |     231 |  18.2 |      25 |       2 |   7.4
        D:8 |     355 |    1455 |  80.4 |       3 |       1 |  25.0
            +---------+---------+-------+---------+---------+-------
